 Dungeon Crawl Stone Soup version 0.32-a0-576-g706899e69d (webtiles) character file.

Game seed: 8847068469851323610

683 BeKind the Covered (level 7, -6/63 HPs)
             Began as a Minotaur Fighter on Mar 2, 2024.
             Was a Follower of Okawaru.
             Mangled by an ogre
             ... wielding a +0 giant spiked club
              (29 damage)
             ... on level 4 of the Dungeon.
             The game lasted 00:02:57 (2721 turns).

BeKind the Covered (Minotaur Fighter)               Turns: 2721, Time: 00:02:58

Health: -6/63      AC: 11    Str: 22    XL:     7   Next: 35%
Magic:  6/6        EV:  9    Int:  5    God:    Okawaru [*.....]
Gold:   193        SH:  5    Dex: 10    Spells: 6/6 levels left

rFire   . . .        a - +0 trident
rCold   . . .        c - +0 buckler
rNeg    . . .        b - +0 scale mail
rPois   .            (helmet restricted)
rElec   .            t - +1 cloak
rCorr   .            h - +0 pair of gloves
SInv    .            (no boots)
Will    .....        (no amulet) Stlth
                     (no ring)
HPRegen 0.30/turn    (no ring)
MPRegen 0.10/turn

%: no passive effects
@: no status effects
A: horns 2, retaliatory headbutt
a: Renounce Religion, Heroism


You were on level 4 of the Dungeon.
You worshipped Okawaru.
Okawaru was aware of your devotion.
You visited 1 branch of the dungeon, and saw 4 of its levels.

You collected 193 gold pieces.

Inventory:

Hand Weapons
 a - a +0 trident (weapon)
Armour
 b - a +0 scale mail (worn)
 c - a +0 buckler (worn)
 h - a +0 pair of gloves (worn)
 t - a +1 cloak (worn)
Jewellery
 u - a +6 ring of intelligence
Wands
 s - a wand of polymorph (6)
Scrolls
 e - 2 scrolls of noise {unknown}
 j - a scroll of amnesia {unknown}
 k - 2 scrolls of teleportation {unknown}
 l - 3 scrolls of identify {unknown}
 n - a scroll of vulnerability {unknown}
 p - 3 scrolls of revelation {unknown}
Potions
 d - 2 potions of might
 f - a potion of haste {unknown}
 g - 4 potions of heal wounds {unknown}
 i - a potion of curing {unknown}
 m - a potion of lignification {unknown}
 o - a potion of magic {unknown}
 q - a potion of brilliance {unknown}
 r - 3 potions of attraction {unknown}


   Skills:
 + Level 6.0 Fighting
 + Level 5.3 Polearms
 + Level 6.1 Armour
 + Level 6.0 Shields


You had 6 spell levels left.
You didn't know any spells.
Your spell library was empty.

Dungeon Overview and Level Annotations

Branches:
Dungeon (4/15)
 Temple: D:4-7

Altars:
Okawaru
The Shining One


Innate Abilities, Weirdness & Mutations

You have a pair of horns on your head.
You reflexively headbutt those who attack you in melee.


Message History

You reach to attack!
You hit the ogre but do no damage. You hit the ogre.
The ogre is lightly wounded.
The ogre barely misses you.
You hit the ogre.
The ogre is moderately wounded.
The ogre hits you with a +0 giant spiked club!
You puncture the ogre!
The ogre is heavily wounded.
You block the ogre's attack.
You barely miss the ogre.
The ogre is heavily wounded.
You hit the ogre but do no damage.
The ogre is heavily wounded.
The ogre hits you with a +0 giant spiked club!!
You are too injured to fight recklessly!
You are too injured to fight recklessly!
You are too injured to fight recklessly!
You are too injured to fight recklessly!
You are too injured to fight recklessly!
You are too injured to fight recklessly!
You are too injured to fight recklessly!
You are too injured to fight recklessly!
You are too injured to fight recklessly!
You are too injured to fight recklessly!
You are too injured to fight recklessly!
You are too injured to fight recklessly!
You are too injured to fight recklessly!
You are too injured to fight recklessly!
You are too injured to fight recklessly!
You are too injured to fight recklessly!
You are too injured to fight recklessly!
You are too injured to fight recklessly!
You are too injured to fight recklessly!
You are too injured to fight recklessly!
You barely miss the ogre.
You headbutt the ogre, but do no damage.
The ogre is heavily wounded.
The ogre hits you with a +0 giant spiked club!!
You die...

.#
♣♣...♣♣♣♣
♣♣..)..♣♣
.####♣..♣♣♣
♣.....♣♣
....#♣.♣♣
♣.♣...♣
.......♣
♣♣.♣♣♣.♣
.##.#♣♣♣
♣♣..♣ ♣.♣
.##.# ♣..♣♣
♣.♣ .##.#
♣♣..♣ ♣.♣
....# ♣..♣♣
♣.♣ .##.#
♣@.♣ ..
....# ♣O♣♣
. #.# ..♣
..# ♣..♣
..♣♣ ...
.♣♣ ♣♣ ..#


You could see an ogre.

Vanquished Creatures
  2 ogres (D:4)
  A phantom (D:4)
  A bombardier beetle (D:4)
  A centaur zombie (D:4)
  Crazy Yiuf (D:3)
  3 orc priests (D:3)
  A jelly (D:4)
  2 scorpion zombies (D:4)
  A hound skeleton (D:4)
  A howler monkey skeleton (D:4)
  7 adders
  An adder zombie (D:4)
  2 adder skeletons (D:4)
  A ribbon worm (D:2)
  A dart slug (D:1)
  8 orcs
  5 ball pythons
  4 endoplasms
  6 giant cockroaches
  5 goblins
  5 hobgoblins
  7 kobolds
  4 quokkas
  5 bats
  2 frilled lizards
  3 rats
80 creatures vanquished.

Notes
Turn   | Place    | Note
-------+----------+-------------------------------------------
     0 | D:1      | BeKind the Minotaur Fighter began the quest for the Orb.
     0 | D:1      | Reached XP level 1. HP: 19/19 MP: 0/0
   180 | D:1      | Reached XP level 2. HP: 27/27 MP: 1/1
   832 | D:2      | Reached XP level 3. HP: 28/33 MP: 2/2
   941 | D:2      | Reached XP level 4. HP: 39/40 MP: 3/3
  1007 | D:2      | Found a faded altar of an unknown god.
  1774 | D:3      | Found an iron altar of Okawaru.
  1784 | D:3      | Became a worshipper of Warmaster Okawaru
  1796 | D:3      | Found a glowing golden altar of the Shining One.
  1832 | D:3      | Reached XP level 5. HP: 47/47 MP: 4/4
  1959 | D:3      | Found a runed translucent door.
  1960 | D:3      | Noticed Crazy Yiuf
  2204 | D:3      | Killed Crazy Yiuf
  2205 | D:3      | Reached skill level 5 in Fighting
  2205 | D:3      | Reached skill level 5 in Armour
  2205 | D:3      | Reached skill level 5 in Shields
  2273 | D:4      | Noticed a phantom
  2360 | D:4      | Killed a phantom
  2361 | D:4      | Reached XP level 6. HP: 56/56 MP: 5/5
  2370 | D:4      | Reached * piety under Okawaru
  2469 | D:4      | Reached skill level 5 in Polearms
  2469 | D:4      | Reached XP level 7. HP: 62/62 MP: 6/6
  2721 | D:4      | Mangled by an ogre

Illustrated notes

Levels and vault maps discovered:
D:1:      minmay_arrival_arboretum_small, layout_basic, minmay_3d_cube
D:2:      layout_rooms, shapermc_ecumenical_altar_acropolis
D:3:      layout_basic, mainiacjoe_overflow_big_doors, uniq_crazy_yiuf_cottage
D:4:      kb_forest_paths, layout_basic, nicolae_wu_jian_glorious_leap,
          serial_undead, serial_undead_d, serial_undead_e, serial_undead_f,
          serial_undead_d, serial_undead_d, serial_undead_d

Skill      XL: |  1  2  3  4  5  6  7 |
---------------+----------------------+-----
Armour         | 4 5 6 |  6.1
Shields        | 4 5 6 |  6.0
Fighting       | 4 5 6 |  6.0
Polearms       | 3 4 5 |  5.3

Action                     |  1- 3 |  4- 6 |  7- 9 || total
---------------------------+-------+-------+-------++-------
  Melee: Trident           |    73 |   109 |    37 ||   219
         Headbutt          |     4 |    21 |     5 ||    30
    Use: Potion            |       |     1 |       ||     1
 Armour: Scale mail        |    39 |    56 |    16 ||   111
  Dodge: Dodged            |    28 |    22 |    11 ||    61
  Block: Buckler           |    12 |    15 |     4 ||    31

Table legend: (Time is in decaauts)
 A = Elapsed time spent in this place.
 B = Non-inter-level travel time spent in this place.
 C = Inter-level travel time spent in this place.
 D = Time resting spent in this place.
 E = Time spent auto-exploring this place.
 F = Levels seen in this place.
 G = Mean time per level.
                   A        B        C        D        E       F      G
               +--------+--------+--------+--------+--------+-----+--------+
         Total |   2754 |   2523 |    231 |      0 |   2056 |   4 |  688.5 |
       Dungeon |   2754 |   2523 |    231 |      0 |   2056 |   4 |  688.5 |
               +--------+--------+--------+--------+--------+-----+--------+

Top non-repeatable levels by time:
     D:3: 1081 daAuts
     D:1: 803 daAuts
     D:2: 494 daAuts
     D:4: 375 daAuts
